 Dungeon Crawl Stone Soup version 0.19-a0-1091-g463c9de (webtiles) character file.

91440 HaroldButt the Severer (level 15, 0/138 HPs)
             Began as a Deep Dwarf Fighter on Aug 7, 2016.
             Was the Champion of Makhleb.
             Slain by Agnes
             ... wielding a +2 lajatang of electrocution
              (19 damage)
             ... on level 15 of the Dungeon.
             The game lasted 01:37:19 (21309 turns).

HaroldButt the Severer (Deep Dwarf Fighter)        Turns: 21309, Time: 01:37:20

Health: 0/138      AC: 23    Str: 29    XL:     15   Next: 55%
Magic:  17/17      EV: 16    Int: 19    God:    Makhleb [******]
Gold:   1655       SH:  0    Dex: 14    Spells: 0 memorised, 14 levels left

rFire  + . .     SeeInvis .     P - +0 battleaxe (freeze)
rCold  . . .     Gourm    .     I - +0 chain mail {rF+}
rNeg   + + .     Faith    .     (shield currently unavailable)
rPois  .         Spirit   .     G - +2 helmet
rElec  .         Dismiss  .     (no cloak)
rCorr  +         Reflect  .     h - +2 pair of gloves
SustAt .         Harm     .     b - +2 pair of boots
MR     +++..                    i - amulet "Ygafocse" {RegenMP MR+ Int+4}
Stlth  ..........               Y - ring "Apim" {rCorr rN+ Int+6}
                                t - +1 ring of slaying

@: mighty, non-regenerating, studying Ice Magic
A: damage resistance, recharge devices, hooves 1, negative energy resistance 1,
sense surroundings 2, slow regeneration 3
a: Device Recharging, Minor Destruction, Lesser Servant of Makhleb, Major
Destruction, Greater Servant of Makhleb, Renounce Religion


You were on level 15 of the Dungeon.
You worshipped Makhleb.
Makhleb was exalted by your worship.
You were not hungry.

You visited 4 branches of the dungeon, and saw 24 of its levels.
You visited the Abyss 1 time.
You also visited: Labyrinth and Ice Cave.

You collected 2061 gold pieces.
You spent 406 gold pieces at shops.

Inventory:

Hand Weapons
 u - a +3 broad axe of freezing
 y - the +7 great mace "Undeadhunter" {disrupt, rN+}
   (You found it on level 5 of the Dungeon)

   It protects you from negative energy.
 N - the +4 war axe "Muwnu" {holy, Int+2}
   (You found it on level 1 of the Lair of Beasts)

   It has been blessed by the Shining One to cause great damage to the undead
   and demons.
   It affects your intelligence (+2).
 P - a +0 battleaxe of freezing (weapon)
Missiles
 R - 2 throwing nets (quivered)
Armour
 b - a +2 pair of boots (worn)
 h - a +2 pair of gloves (worn)
 w - the -4 buckler of the Big Bang {MR+ Int-5 Dex+8 Slay+2}
   (You acquired it on level 14 of the Dungeon)

   It affects your intelligence (-5).
   It affects your dexterity (+8).
   It affects your accuracy and damage with ranged weapons and melee attacks
   (+2).
   It affects your resistance to hostile enchantments.
 G - a +2 helmet (worn)
 I - a +0 chain mail of fire resistance (worn)
Jewellery
 i - the amulet "Ygafocse" (around neck) {RegenMP MR+ Int+4}
   (You found it on level 5 of the Lair of Beasts)

   [amulet of magic regeneration]

   It increases your magic regeneration.
   It affects your intelligence (+4).
   It affects your resistance to hostile enchantments.
 t - a +1 ring of slaying (left hand)
 H - an uncursed ring of protection from magic
 Y - the ring "Apim" (right hand) {rCorr rN+ Int+6}
   (You found it on level 6 of the Lair of Beasts)

   [ring of resist corrosion]

   It affects your intelligence (+6).
   It protects you from negative energy.
Wands
 d - a wand of acid (8/15)
 e - a wand of heal wounds (0/9)
 O - a wand of iceblast (7/15)
 V - a wand of iceblast (4/15)
 Z - a wand of iceblast (12/15)
Scrolls
 m - 9 scrolls of remove curse
 n - 5 scrolls of enchant weapon
 s - a scroll of identify
 D - 8 scrolls of teleportation
 F - 3 scrolls of fear
 K - a scroll of fog
 M - a scroll of immolation
 Q - a scroll of blinking
 X - a scroll of summoning
Potions
 a - 5 potions of agility
 c - a potion of cancellation
 j - 2 potions of cure mutation
 k - 3 potions of heal wounds
 l - 9 potions of curing
 q - 4 potions of brilliance
 r - 3 potions of magic
 v - 3 potions of invisibility
 B - 5 potions of haste
 L - a potion of resistance
 U - 4 potions of flight
Books
 g - a book of Ice

   Spells                             Type                      Level
   a - Ice Form                       Ice/Transmutation            4
   b - Metabolic Englaciation         Hexes/Ice                    5
   c - Ozocubu's Refrigeration        Ice                          6
   d - Bolt of Cold                   Conjuration/Ice              6
   e - Freezing Cloud                 Conjuration/Ice/Air          6
   f - Simulacrum                     Ice/Necromancy               6
 z - a manual of Ice Magic
 C - a manual of Ice Magic
 T - a book of Unlife

   Spells                             Type                      Level
   a - Recall                         Summoning/Translocation      3
   b - Animate Dead                   Necromancy                   4
   c - Control Undead                 Necromancy                   4
   d - Cigotuvi's Embrace             Necromancy                   5
   e - Death Channel                  Necromancy                   6
   f - Simulacrum                     Ice/Necromancy               6
 W - a Fen Folio

   Spells                             Type                      Level
   a - Corpse Rot                     Necromancy                   2
   b - Stone Arrow                    Conjuration/Earth            3
   c - Leda's Liquefaction            Hexes/Earth                  4
   d - Summon Forest                  Summoning/Translocation      5
   e - Hydra Form                     Transmutation                6
   f - Summon Hydra                   Summoning                    7
Comestibles
 f - 18 bread rations
 o - a royal jelly
 p - 9 meat rations
 x - 6 chunks of flesh
 A - 7 beef jerkies
 J - 5 slices of pizza


   Skills:
 - Level 10.0 Fighting
 - Level 18.0 Axes
 - Level 12.0 Armour
 - Level 12.1 Dodging
 - Level 4.0 Shields
 + Level 15.3 Invocations


You had 14 spell levels left.
You didn't know any spells.

Dungeon Overview and Level Annotations

Branches:
Dungeon (15/15)            Temple (1/1) D:7            Lair (6/6) D:10
 Shoals (0/4) Lair:2        Snake (0/4) Lair:2        Slime (0/5) Lair:5
    Orc (2/2) D:9             Elf (0/3) Orc:2        Vaults (0/5) D:14
 Depths (0/5) D:15

Altars:
Ashenzari
Cheibriados
Dithmenos
Elyvilon
Fedhas
Gozag
Hepliaklqana
Kikubaaqudgha
Makhleb
Nemelex Xobeh
Okawaru
Pakellas
Qazlal
Ru
Sif Muna
Trog
Uskayaw
Vehumet
Xom
Yredelemnul
Zin
The Shining One
Beogh
Jiyva

Shops:
D:5 (   D:7 =   D:13 :   D:14 [   Orc:2 }:!*

Annotations:
D:15 Agnes


Innate Abilities, Weirdness & Mutations

You are resistant to damage.
You can recharge devices by infusing magical energy.
You resist negative energy. (rN+)
You passively map the area around you.
You do not regenerate naturally.
You have large cloven feet.


Message History

Agnes is almost dead.
Agnes says, "It is my duty to kill you, but also my pleasure."
Agnes hits you but does no damage.
You closely miss Agnes.
Agnes is almost dead.
Agnes barely misses you.
You miss Agnes.
Agnes is almost dead.
Agnes closely misses you.
You closely miss Agnes.
Agnes is almost dead.
Agnes hits you with a lajatang of electrocution!
* * * LOW HITPOINT WARNING * * *
You are electrocuted!
* * * LOW HITPOINT WARNING * * *
Agnes closely misses you.
You miss Agnes.
Agnes is almost dead.
Agnes hits you with a lajatang of electrocution!!
You die...

†.....#..(...#.).# +, ,
(.....#≈.#≈≈≈###)#.#####
,
(..#..#≈≈......[.#......,
, *
......############......
, .#.......(.,
........... .##........
,.......... , , ,
.#........# * #.........
, , ..........#
#........., , .[)#......#
#.@i...... , ..........#
#.######## , ,
..........# #.# ,
..........# #.#
..........#####.# *
#####...........# , ,
#...........# ,,
,#...........# *** , ,
#.............. , ,,,


You could see Agnes.

Vanquished Creatures
  Frances (D:14)
  An orc warlord (Orc:2)
  A frost giant (D:15)
  Nessos (D:14)
  Snorg (D:14)
  A minotaur (Lab)
  Josephine (D:14)
  A rakshasa (D:15)
  2 hydras
  A catoblepas (Lair:6)
  5 centaur warriors
  Erica (D:8)
  A deep troll shaman (Lair:6)
  4 orc high priests
  6 death yaks (Lair:6)
  3 skeletal warriors (D:9)
  An unseen horror (D:12)
  2 necromancers
  Pikel (D:4)
  9 hill giants
  4 ugly things
  An orc knight (D:13)
  A griffon (Lair:4)
  2 oklob plants
  4 orc sorcerers (Orc:2)
  5 deep elf magi
  2 manticores
  A sixfirhy (Abyss:1)
  3 centaur zombies
  A cyclops (D:11)
  12 elephants
  An ice statue (IceCv)
  2 black mambas
  Joseph (D:7)
  A gargoyle (D:15)
  6 spiny frogs
  A rime drake (Lair:4)
  A yaktaur (D:15)
  4 komodo dragons
  10 freezing wraiths (IceCv)
  A polar bear (Lair:6)
  12 trolls
  3 meliai (D:15)
  A minotaur skeleton (Lab)
  3 two-headed ogres
  A hornet zombie (D:14)
  6 slime creatures (D:12)
  18 blink frogs
  A vampire (D:10)
  11 wraiths
  Sigmund (D:2)
  A redback (Lab)
  34 yaks
  2 hill giant zombies (D:9)
  A human (D:7)
  4 vampire mosquitoes (D:14)
  Grum (D:8)
  5 basilisks
  6 hippogriffs
  7 hungry ghosts
  A steam dragon (Lair:4)
  A death yak simulacrum (IceCv)
  A large abomination (Abyss:1)
  5 wargs
  10 water moccasins
  38 orc warriors
  9 porcupines
  4 black bears
  A wasp (D:14)
  2 sky beasts
  3 necrophages
  10 ice beasts
  3 slaves (D:4)
  2 phantoms
  2 eyes of draining
  11 wolves
  19 centaurs
  23 ogres
  6 crocodiles
  10 giant frogs
  An elf zombie (D:9)
  A gnoll sergeant (Orc:1)
  3 scorpions
  10 killer bees
  3 troll zombies (D:9)
  5 wights
  5 electric eels (D:14)
  3 howler monkeys
  5 crimson imps
  5 draconian simulacra (IceCv)
  A quasit (D:6)
  4 human zombies (D:9)
  5 giant frog zombies
  5 jellies
  6 hounds
  29 orc priests
  8 centaur skeletons
  A giant frog skeleton (D:10)
  A human skeleton (D:9)
  13 iguanas
  18 orc wizards
  16 worker ants
  Terence (D:2)
  3 spriggan simulacra (IceCv)
  3 polar bear simulacra (IceCv)
  5 troll simulacra (IceCv)
  3 sheep (D:7)
  2 ogre zombies (D:9)
  A centaur simulacrum (IceCv)
  2 hound skeletons
  2 worker ant zombies
  Robin (D:2)
  6 gnolls
  A howler monkey skeleton (D:7)
  23 adders
  3 naga simulacra (IceCv)
  3 ogre simulacra (IceCv)
  34 river rats
  13 white imps
  3 adder skeletons
  A dart slug (D:2)
  7 giant geckos
  104 orcs
  12 bats
  4 giant cockroaches
  13 goblins
  7 hobgoblins
  15 jackals
  10 quokkas
  A giant gecko skeleton (D:8)
  6 giant newts
  A goblin skeleton (D:9)
  A goblin zombie (D:9)
  2 hobgoblin skeletons (D:9)
  2 hobgoblin zombies (D:9)
  A jackal zombie (D:6)
  4 kobolds
  3 orc skeletons (D:9)
  17 orc zombies (D:9)
  11 rats
  3 bushes (D:8)
  17 fungi
  11 plants
897 creatures vanquished.

Vanquished Creatures (collateral kills)
  4 orc knights (Orc:2)
  An orc sorcerer (Orc:2)
  A warg (Orc:2)
  2 orc warriors (Orc:2)
  3 ogres (Orc:2)
  An orc wizard (Orc:2)
  An orc (Orc:2)
13 creatures vanquished.

Vanquished Creatures (others)
  An orc high priest (Orc:2)
  An ice beast (D:6)
  9 fungi
  2 plants (D:8)
13 creatures vanquished.

Grand Total: 923 creatures vanquished

Notes
Turn   | Place    | Note
-------+----------+-------------------------------------------
     0 | D:1      | HaroldButt the Deep Dwarf Fighter began the quest for the Orb.
     0 | D:1      | Reached XP level 1. HP: 20/20 MP: 1/1
   139 | D:1      | Reached skill level 3 in Axes
   139 | D:1      | Reached XP level 2. HP: 20/27 MP: 2/2
   957 | D:2      | Reached XP level 3. HP: 30/33 MP: 3/3
  1001 | D:2      | Reached skill level 4 in Axes
  1182 | D:2      | Found a radiant altar of Vehumet.
  1194 | D:2      | You fall through a shaft for 2 floors!
  1214 | D:4      | Reached XP level 4. HP: 22/40 MP: 4/4
  1219 | D:4      | Noticed a phantom
  1241 | D:3      | Reached skill level 5 in Axes
  1319 | D:2      | Noticed Sigmund
  1327 | D:2      | Noticed Robin
  1338 | D:2      | Killed Robin
  1339 | D:2      | Killed Sigmund
  1339 | D:2      | Reached skill level 7 in Axes
  1339 | D:2      | Reached XP level 5. HP: 14/46 MP: 4/4
  1339 | D:2      | Reached XP level 6. HP: 17/55 MP: 5/5
  1522 | D:2      | Noticed Terence
  1531 | D:2      | Killed Terence
  1986 | D:3      | Reached skill level 8 in Axes
  2106 | D:3      | Found a white marble altar of Elyvilon.
  2147 | D:3      | Reached XP level 7. HP: 19/61 MP: 6/6
  2658 | D:4      | Reached skill level 9 in Axes
  2699 | D:4      | Reached skill level 10 in Axes
  2917 | D:4      | Noticed Pikel
  2956 | D:4      | Killed Pikel
  2956 | D:4      | Reached XP level 8. HP: 37/68 MP: 5/5
  3035 | D:4      | Found a snail-covered altar of Cheibriados.
  3201 | D:5      | Entered Level 5 of the Dungeon
  3270 | D:5      | Found Qeonogyas's Antique Weapon Shoppe.
  3275 | D:5      | Bought a runed war axe for 101 gold pieces
  3545 | D:5      | Found a bloodstained altar of Trog.
  4268 | D:6      | Reached skill level 1 in Dodging
  4272 | D:6      | Gained mutation: You passively map the area around you. [Deep Dwarf growth]
  4272 | D:6      | Reached XP level 9. HP: 34/74 MP: 6/6
  4500 | D:6      | Gained mutation: Scrolls take you a little longer to read. [potion of mutation]
  4500 | D:6      | Gained mutation: You have large cloven feet. [potion of mutation]
  4500 | D:6      | Lost mutation: Scrolls take you a little longer to read. [potion of mutation]
  4732 | D:7      | Reached skill level 5 in Dodging
  4903 | D:7      | Found a staircase to the Ecumenical Temple.
  4930 | Temple   | Entered the Ecumenical Temple
  5036 | Temple   | Became a worshipper of Makhleb the Destroyer
  5173 | D:7      | Found an oddly glowing altar of Pakellas.
  5194 | D:7      | Cast into level 1 of the Abyss (a distortion unwield)
  5197 | Abyss:1  | Found a corrupted altar of Lugonu.
  5320 | Abyss:1  | Noticed a sixfirhy
  5324 | Abyss:1  | Killed a sixfirhy
  5344 | Abyss:1  | Noticed a spatial maelstrom
  5354 | D:7      | Escaped the Abyss
  5380 | D:7      | Found Utenisan's Jewellery Boutique.
  5503 | D:7      | Noticed Joseph
  5525 | D:7      | Killed Joseph
  5669 | D:7      | Reached XP level 10. HP: 48/87 MP: 5/5
  5674 | D:7      | Reached skill level 5 in Fighting
  5676 | D:7      | Reached * piety under Makhleb
  5843 | D:8      | Noticed Grum
  5880 | D:8      | Found a sparkling altar of Nemelex Xobeh.
  5972 | D:8      | Noticed Erica
  5982 | D:8      | Killed Erica
  6321 | D:8      | Reached ** piety under Makhleb
  6379 | D:8      | Found a blossoming altar of Fedhas.
  6396 | D:8      | Reached skill level 1 in Invocations
  6402 | D:8      | Killed Grum
  6427 | D:8      | Noticed an oklob plant
  6494 | D:8      | Killed an oklob plant
  6494 | D:8      | Reached skill level 5 in Invocations
  7049 | D:9      | Found a staircase to the Orcish Mines.
  7050 | D:9      | Noticed a skeletal warrior
  7054 | D:9      | Noticed a skeletal warrior
  7148 | D:9      | Reached *** piety under Makhleb
  7180 | D:9      | Reached XP level 11. HP: 43/103 MP: 11/11
  7201 | D:9      | Found a basalt altar of Yredelemnul.
  7365 | D:10     | Entered Level 10 of the Dungeon
  7451 | D:10     | Found a staircase to the Lair.
  7573 | D:10     | Reached **** piety under Makhleb
  7604 | D:10     | Reached skill level 10 in Invocations
  8005 | D:10     | Noticed a hill giant
  8011 | D:10     | Killed a hill giant
  8184 | Lair:1   | Entered Level 1 of the Lair of Beasts
  8194 | Lair:1   | Reached skill level 11 in Axes
  8445 | Lair:1   | Reached skill level 12 in Axes
  8534 | Lair:1   | Got an encrusted war axe
  8536 | Lair:1   | Identified the +4 war axe "Muwnu" {holy, Int+2} (You found it on level 1 of the Lair of Beasts)
  8607 | Lair:1   | Found a sacrificial altar of Ru.
  8807 | Lair:2   | Found a labyrinth entrance.
  8817 | Lab      | Entered a labyrinth
  9403 | Lab      | Noticed a minotaur
  9415 | Lab      | Killed a minotaur
  9415 | Lab      | Reached skill level 13 in Axes
  9537 | Lair:2   | Found a staircase to the Shoals.
  9652 | Lair:2   | Reached XP level 12. HP: 51/110 MP: 14/14
  9692 | Lair:2   | Found a staircase to the Snake Pit.
 10161 | Lair:2   | Reached ***** piety under Makhleb
 10170 | Lair:2   | Reached skill level 14 in Axes
 10508 | Lair:3   | Reached skill level 15 in Axes
 11232 | Lair:4   | Reached skill level 16 in Axes
 12020 | Lair:5   | Got a bound sapphire amulet
 12021 | Lair:5   | Identified the amulet "Ygafocse" {RegenMP MR+ Int+4} (You found it on level 5 of the Lair of Beasts)
 12246 | Lair:5   | Noticed a five-headed hydra
 12276 | Lair:4   | Reached skill level 10 in Armour
 12292 | Lair:5   | Killed a one-headed hydra
 12292 | Lair:5   | Reached XP level 13. HP: 116/117 MP: 14/14
 12319 | Lair:5   | Found a viscous altar of Jiyva.
 12319 | Lair:5   | Found a staircase to the Slime Pits.
 12772 | Lair:6   | Entered Level 6 of the Lair of Beasts
 12834 | Lair:6   | Reached ****** piety under Makhleb
 13745 | Lair:6   | Reached skill level 10 in Dodging
 13828 | Lair:6   | Got a smoking marble ring
 13833 | Lair:6   | Identified the ring "Apim" {rCorr rN+ Int+6} (You found it on level 6 of the Lair of Beasts)
 14369 | D:9      | Found a shattered altar of Ashenzari.
 14755 | Orc:1    | Entered Level 1 of the Orcish Mines
 15087 | Orc:2    | Entered Level 2 of the Orcish Mines
 15770 | Orc:2    | Gained mutation: You resist negative energy. (rN+) [Deep Dwarf growth]
 15770 | Orc:2    | Reached XP level 14. HP: 127/127 MP: 15/15
 15818 | Orc:2    | Found a staircase to the Elven Halls.
 16162 | Orc:2    | Noticed an orc warlord
 16262 | Orc:2    | Found a roughly hewn altar of Beogh.
 16352 | Orc:2    | Found Boticothri's Gadget Emporium.
 16372 | Orc:2    | Found Wuoxuvu's Book Shoppe.
 16528 | Orc:2    | Killed an orc warlord
 16528 | Orc:2    | Reached skill level 10 in Fighting
 16553 | Orc:2    | Found a roughly hewn altar of Beogh.
 16594 | Orc:2    | Found Noeraq's Assorted Antiques.
 16626 | Orc:2    | Bought a scroll of fear for 70 gold pieces
 16626 | Orc:2    | Bought a potion of curing for 60 gold pieces
 16626 | Orc:2    | Bought a shiny chain mail for 90 gold pieces
 16626 | Orc:2    | Bought a scroll of identify for 40 gold pieces
 16662 | Orc:2    | Found Rosiuvea's Distillery.
 16685 | Orc:2    | Bought a potion of flight for 45 gold pieces
 17296 | D:11     | You fall through a shaft for 3 floors!
 17356 | D:14     | Noticed Nessos
 17377 | D:14     | Killed Nessos
 17389 | D:14     | Found a frozen archway.
 17399 | IceCv    | Entered an ice cave
 17520 | IceCv    | Reached skill level 17 in Axes
 17642 | IceCv    | Found an ancient bone altar of Kikubaaqudgha.
 18422 | D:14     | Noticed Snorg
 18432 | D:14     | Killed Snorg
 18492 | D:14     | Reached skill level 18 in Axes
 18689 | D:14     | Found a sparkling altar of Nemelex Xobeh.
 18810 | D:14     | Found Teve's Armour Shoppe.
 18848 | D:14     | Identified 2 scrolls of acquirement
 18855 | D:14     | Got an ancient buckler
 18869 | D:14     | Identified the -4 buckler of the Big Bang {MR+ Int-5 Dex+8 Slay+2} (You acquired it on level 14 of the Dungeon)
 18913 | D:14     | Noticed Josephine
 18920 | D:14     | Killed Josephine
 18926 | D:14     | Found a gate to the Vaults.
 18940 | D:14     | Noticed Frances
 18953 | D:14     | Killed Frances
 18953 | D:14     | Reached XP level 15. HP: 138/138 MP: 14/14
 19299 | D:13     | Found Miwiosen's Book Emporium.
 20848 | D:15     | Entered Level 15 of the Dungeon
 20925 | D:15     | Found an iron altar of Okawaru.
 21004 | D:15     | Found a staircase to the Depths.
 21004 | D:15     | Noticed a frost giant
 21021 | D:15     | Killed a frost giant
 21034 | D:15     | Reached skill level 15 in Invocations
 21292 | D:15     | Noticed Agnes
 21309 | D:15     | Slain by Agnes

Vault maps used:
D:1:      evilmike_arrival_plus, minmay_tall_x
D:2:      fiery_altar_vehumet, serial_co_window_serial, co_window_corner_a,
          co_window_cross_1, co_window_paths_a, co_window_paths_a,
          co_window_cross_1, co_window_corner_ca, co_window_of_opportunity_c,
          co_window_broadway_b, co_window_4corner_b, glass_columns_a,
          glass_columns_c, glass_columns_a, uniq_sigmund, uniq_robin,
          uniq_terence
D:3:      lemuel_crystal_altar
D:4:      cheibriados_altar_1, first_bread, kennysheep_nondescript, uniq_pikel
D:5:      lightli_temple_of_fire, serial_shops, kennysheep_little_box
D:7:      grunt_pakellas_sulfur, serial_shops, kennysheep_mini_moat,
          grunt_livestock, uniq_joseph
D:8:      nemelex_xobeh_ov_fountains_minmay, tgw_fedhas, uniq_erica, uniq_grum
D:9:      evilmike_ruin_ashenzari, zombieorc2_lemuel,
          lemuel_mausoleum_altar_yredelemnul
D:10:     due_lair_maze_entry_diamond
D:11:     minmay_door_square, hex_medium, minivault_23, minivault_22,
          kennysheep_generic_room_14
D:13:     serial_shops, shop
D:14:     david_vaults_1, serial_co_window_serial, co_window_paths_a,
          co_window_paths_a, co_window_paths_a, co_window_of_opportunity_a,
          co_window_of_opportunity_a, co_window_2corner, co_window_paths_c,
          co_window_paths_c, co_window_2corner, glass_columns_b,
          glass_columns_a, glass_columns_b, glass_columns_b, glass_columns_c,
          minmay_tree_intersection, portal_ice_cave_entry_pillars_1,
          serial_shops, nicolae_shop_trees, nemelex_diamond_rough_becter,
          uniq_josephine, uniq_nessos, uniq_snorg, uniq_frances
D:15:     grunt_enter_depths_snipers, corexii_corridor_pit,
          okawaru_ov_weapons_minmay, uniq_agnes
Temple:   regret_index_temple_waves
Lair:1:   basic_altar
Lair:2:   minmay_lair_venomous_thicket, minmay_shoals_entry_centaurs,
          dummy_snake_entry, lab_entry_generic, grunt_megastairs_1
Lair:3:   grunt_megastairs_2
Lair:4:   st_stairs_9
Lair:5:   dpeg_slime_entry_enclosed_altar
Lair:6:   grunt_lair_end_beastmaster, minmay_stone_trees_small
Orc:2:    pubby_orc_utopia
Lab:      lab_hedge, nicolae_lab_arrow, lab_statue
IceCv:    ice_cave_small_necro

Skill      XL: |  1  2  3  4  5  6  7  8  9 10 11 12 13 14 15 |
---------------+----------------------------------------------+-----
Axes           | 3 4 7 8 10 13 16 18 | 18.0
Armour         | 6 8 10 12 | 12.0
Dodging        | 2 8 12 | 12.1
Fighting       | 4 8 10 | 10.0
Invocations    | 7 10 11 15 | 15.3
Shields        | 4 |  4.0

Action                   |  1- 3 |  4- 6 |  7- 9 | 10-12 | 13-15 || total
-------------------------+-------+-------+-------+-------+-------++-------
Melee: War axe           |   141 |   130 |   270 |       |   105 ||   646
       Broad axe         |       |       |    65 |   831 |  1188 ||  2084
       Scimitar          |       |       |       |     8 |     7 ||    15
       Battleaxe         |       |       |       |       |    36 ||    36
Invok: Greater Servant o |       |       |       |       |     1 ||     1
 Abil: Device Recharging |       |     1 |     4 |     1 |     3 ||     9
Evoke: Wand              |     2 |     3 |    19 |     8 |    16 ||    48
  Use: Scroll            |     2 |     1 |     9 |    20 |    10 ||    42
       Potion            |       |     4 |     2 |     2 |     3 ||    11
 Stab: Distracted        |       |       |       |       |     1 ||     1
  Eat: Chunk             |     1 |     4 |    11 |    12 |    22 ||    50
       Royal jelly       |       |       |     1 |       |       ||     1
       Fruit             |       |       |       |    26 |     2 ||    28
       Pizza             |       |       |       |       |     4 ||     4
Armor: Ring mail         |    88 |    73 |   127 |    42 |       ||   330
       Scale mail        |     1 |       |       |       |       ||     1
       Plate armour      |       |       |       |   203 |       ||   203
       Chain mail        |       |       |       |   142 |   535 ||   677
Dodge: Dodged            |   125 |    74 |   216 |   426 |   799 ||  1640
Block: Buckler           |       |       |       |       |    31 ||    31
